Map: Ley Lines

Players

wootwoot - Winner!

  • Race: Protoss Protoss
  • League: Bronze
  • Spawn Location: 1:00

CapeCod

  • Race: Terran Terran
  • League: Silver
  • Spawn Location: 7:00

VOD

Have the link to the VOD?

Description

Time

  • Played on: April 21, 2025, 9:06 a.m.
  • Length: 3:11
Show
View Real Time Build Order
Export as new Build Order

wootwoot Protoss - Winner!

Build Orders:  

Get SALT Encoding   

  12  0:02  Probe  
  13  0:14  Probe  
  13  0:20  Pylon  
  14  0:26  Probe  
  15  0:39  Gateway  
  15  0:42  Assimilator  
  15  0:49  Pylon  
  15  1:08  Gateway  
  15  1:13  Gateway  
  15  1:26  Cybernetics Core  
  15  1:36  Probe  
  16  1:48  Probe  
  16  1:51  Stalker x2  
  21  2:17  Stalker x2  
  25  2:41  Shield Battery  
  25  2:50  Probe  
Show
View Real Time Build Order
Export as new Build Order

CapeCod Terran 

Build Orders:  

Get SALT Encoding   

  12  0:11  Supply Depot  
  12  0:37  Barracks  
  12  0:41  SCV, Barracks  
  13  0:52  Refinery  
  13  0:55  SCV  
  14  1:06  Refinery  
  14  1:10  SCV  
  15  1:22  SCV  
  16  1:28  Marine  
  16  1:30  Marine  
  18  1:34  SCV  
  19  1:47  Orbital Command  
  19  1:56  Barracks Reactor x2  
  19  2:08  Supply Depot  
  19  2:23  SCV  
  19  2:25  Factory  
  20  2:35  Marine x2  
  20  2:38  Marine  
  20  2:39  Marine  
Tags
 
Matchup
PvT
Replay Pack
#1B2M-Replays
Spawn Locations
Cross Positions
Add a new tag
Caveats
  • Supply blocks, unpowered buildings, or Contaminate may cause inaccurate times.
  • Supply counts are checked every 10 seconds.